 Dungeon Crawl Stone Soup version 0.30-a0-339-g89bb51ec76 (webtiles) character file.

Game seed: 102728372449642671

1128 oldriver the Trooper (level 8, -2/84 HPs)
             Began as an Ogre Transmuter on Oct 31, 2022.
             Slain by a troll zombie (6 damage)
             ... in an ossuary.
             The game lasted 00:13:25 (4825 turns).

oldriver the Trooper (Ogre Transmuter)              Turns: 4825, Time: 00:13:26

Health: -2/84      AC:  3    Str: 15    XL:     8   Next: 35%
Magic:  16/17      EV: 14    Int: 16    God:
Gold:   119        SH:  0    Dex:  9    Spells: 16/19 levels left

rFire   . . .      SeeInvis .    j - +1 trident (vorpal)
rCold   . . .      Faith    .    (no shield)
rNeg    . . .      Spirit   .    a - +0 robe
rPois   .          Reflect  .    (helmet currently unavailable)
rElec   .          Harm     .    (no cloak)
rCorr   .          Rampage  .    (gloves unavailable)
Will    .....                    (boots unavailable)
Stlth   +.........               (no amulet)
HPRegen 0.34/turn                g - +4 ring of evasion
MPRegen 0.15/turn                (no ring)

@: appendages
A: horns 2, talons 2, large, unfitting armour, tough skin 1
a: End Transformation


You were in an ossuary.
You had temporarily grown beastly horns and talons.
You visited 1 branch of the dungeon, and saw 5 of its levels.
You also visited: Sewer and Ossuary.

You collected 119 gold pieces.

Inventory:

Hand Weapons
 j - a +1 vorpal trident (weapon)
Armour
 a - a +0 robe (worn)
Jewellery
 g - a +4 ring of evasion (left hand)
Scrolls
 d - a scroll of fear
 k - a scroll of identify
Potions
 b - a potion of lignification
 c - a potion of might {unknown}
 e - a potion of heal wounds
 f - a potion of resistance
 h - a potion of cancellation {unknown}
 i - a potion of degeneration {unknown}
 m - a potion of brilliance {unknown}


   Skills:
 + Level 6.8 Fighting
 + Level 1.4 Polearms
 + Level 2.7 Dodging
 - Level 2.6 Unarmed Combat
 + Level 6.1 Spellcasting
 + Level 5.2 Transmutations


You had 16 spell levels left.
You knew the following spells:

 Your Spells              Type           Power      Damage    Failure   Level
a - Beastly Appendage     Tmut           42%        N/A       1%          1
b - Wereblood             Tmut           21%        N/A       2%          2

Your spell library contained the following spells:

 Spells                   Type           Power      Damage    Failure   Level
 Magic Dart               Conj           16%        1d3       14%         1
 Spider Form              Tmut/Pois      13%        N/A       14%         3
 Searing Ray              Conj           8%         2d4       21%         2
 Sublimation of Blood     Necr           4%         N/A       21%         2
 Ozocubu's Armour         Ice            4%         N/A       38%         3
 Ice Form                 Ice/Tmut       13%        N/A       43%         4
 Fulminant Prism          Conj/Hex       2%         3d5       80%         4
 Olgreb's Toxic Radiance  Pois           4%         N/A       80%         4
 Ozocubu's Refrigeration  Ice            2%         4d7       100%        7
 Summon Hydra             Summ           2%         N/A       100%        7
 Ignition                 Fire           2%         3d3       100%        8


Dungeon Overview and Level Annotations

Branches:
Dungeon (5/15)              Sewer (visited)         Ossuary (1/1)
 Temple: D:4-7

Altars:
Makhleb
Sif Muna
Xom
Zin

Shops:
D:2 [   D:4 (

Portals:
Abyss: D:3

Annotations:
D:3 2 transporters, speeev123's ghost, amateur HOFi


Innate Abilities, Weirdness & Mutations

You have temporarily grown beastly horns and talons.
You are too large for most types of armour.
You have tough skin. (AC +1)


Message History

The troll zombie misses you.
You puncture the troll zombie! You punch the troll zombie.
The troll zombie is heavily damaged.
The troll zombie barely misses you. The troll zombie closely misses you.
The troll zombie claws you.
You hit the troll zombie but do no damage.
The troll zombie is heavily damaged.
The troll zombie bites you. The troll zombie claws you! x2
* * * LOW HITPOINT WARNING * * *
You are too injured to fight recklessly!
You are too injured to fight recklessly!
You are too injured to fight recklessly!
You are too injured to fight recklessly!
You are too injured to fight recklessly!
You are too injured to fight recklessly!
You are too injured to fight recklessly!
You are too injured to fight recklessly!
You are too injured to fight recklessly!
You are too injured to fight recklessly!
You are too injured to fight recklessly!
You are too injured to fight recklessly!
You are too injured to fight recklessly!
You are too injured to fight recklessly!
You are too injured to fight recklessly!
You are too injured to fight recklessly!
You are too injured to fight recklessly!
Casting: Beastly Appendage (safe; 1% risk of failure)
Confirm with . or Enter, or press ? or * to list all spells.
You grow a pair of large bovine horns.
Your feet morph into talons.
The troll zombie bites you!
* * * LOW HITPOINT WARNING * * *
The troll zombie claws you!
* * * LOW HITPOINT WARNING * * *
The troll zombie barely misses you.
There is an open door here.
You hit the troll zombie. You claw the troll zombie.
Your headbutt misses the troll zombie.
The troll zombie is severely damaged.
The troll zombie bites you.
You die...

#.'..#
#.#..#
#.#..#
###..#
+.'..#
#.#..#
#.#..#
########..#
#....#.@..#
#....#Z#..#
#....'.#..#
#....###..#
######.'..#
#....'.#..#
#....#.#..#
#....###..#
#....#.'..#


You could see a troll zombie.

Vanquished Creatures
  Sigmund (D:2)
  An ogre (D:4)
  2 elf zombies (Ossuary)
  A phantom (D:4)
  2 bullfrogs (Sewer)
  2 scorpions
  2 orc priests (D:3)
  Jessica (D:2)
  An orc wizard (D:3)
  An ogre zombie (Ossuary)
  3 mummies
  10 adders
  3 gnolls
  2 river rats
  3 adder zombies (Ossuary)
  2 worms
  3 dart slugs
  3 orcs
  11 endoplasms
  2 giant cockroaches (D:4)
  3 goblins
  5 hobgoblins
  4 jackals
  7 quokkas
  12 ball pythons
  4 bats
  6 frilled lizards (D:1)
  2 goblin zombies (Ossuary)
  3 hobgoblin zombies (Ossuary)
  3 kobolds
  4 kobold zombies
  An orc zombie (Ossuary)
  5 quokka zombies (Ossuary)
  28 rats
  6 rat zombies (Ossuary)
149 creatures vanquished.

Notes
Turn   | Place    | Note
-------+----------+-------------------------------------------
     0 | D:1      | oldriver the Ogre Transmuter began the quest for the Orb.
     0 | D:1      | Reached XP level 1. HP: 19/19 MP: 3/3
   135 | D:1      | Reached XP level 2. HP: 24/28 MP: 3/5
   703 | D:1      | Found a faded altar of an unknown god.
   840 | D:2      | Reached XP level 3. HP: 36/36 MP: 5/7
   941 | D:2      | Found Jofoh's Armour Shop.
  1062 | D:2      | Noticed Sigmund
  1128 | D:3      | Learned a level 2 spell: Wereblood
  1157 | D:3      | Noticed a kobold brigand
  1158 | D:3      | Noticed a small abomination
  1200 | D:3      | Found a transporter.
  1210 | D:3      | Found a transporter.
  1482 | D:2      | Noticed Jessica
  1493 | D:2      | Killed Jessica
  1494 | D:2      | Reached XP level 4. HP: 48/48 MP: 6/9
  1605 | D:2      | Killed Sigmund
  1606 | D:2      | Reached XP level 5. HP: 18/55 MP: 8/11
  1606 | D:2      | Reached XP level 6. HP: 21/63 MP: 8/12
  2103 | D:3      | Reached skill level 5 in Fighting
  2225 | D:3      | Found a one-way gate to the infinite horrors of the Abyss.
  2225 | D:3      | Noticed speeev123's ghost (amateur HOFi)
  2746 | D:4      | Reached skill level 5 in Spellcasting
  2746 | D:4      | Reached XP level 7. HP: 61/72 MP: 12/14
  2939 | D:4      | Found a burning altar of Makhleb.
  3009 | D:4      | Found Rourrep's Weapon Emporium.
  3156 | D:4      | Found a glowing drain.
  3166 | Sewer    | Entered a sewer
  4207 | D:4      | Found a hazy altar of Hepliaklqana.
  4210 | D:4      | Found a broken altar of Ashenzari.
  4210 | D:4      | Found a shimmering altar of Xom.
  4212 | D:4      | Found a stormy altar of Qazlal.
  4212 | D:4      | Found a glowing silver altar of Zin.
  4212 | D:4      | Found a hide-covered altar of Uskayaw.
  4254 | D:5      | Entered Level 5 of the Dungeon
  4270 | D:5      | Found a shimmering blue altar of Sif Muna.
  4289 | D:5      | Reached XP level 8. HP: 65/84 MP: 16/16
  4353 | D:5      | Found a sand-covered staircase.
  4356 | D:5      | Reached skill level 5 in Transmutations
  4451 | Ossuary  | Entered an ossuary
  4598 | Ossuary  | Reached skill level 1 in Polearms
  4823 | Ossuary  | HP: 3/84 [troll zombie (10)]
  4825 | Ossuary  | Slain by a troll zombie

Illustrated notes

Levels and vault maps discovered:
D:1:      saegor_arrival_under_anarchy, layout_rooms,
          shapermc_ecumenical_altar_mp_vishouse, chequers_garden,
          minmay_misc_feat_doors, minmay_lizard_pond
D:2:      layout_loops_ring, serial_shops, nicolae_shop_advertising_works
          [nicolae_subvault_shop_adworks], uniq_jessica, uniq_sigmund
D:3:      cheibrodos_pilgrimage, layout_rooms, gammafunk_ghost_abyssal_escape
D:4:      layout_basic, doesnt_xom_only_xom, mainiacjoe_overflow_brackets,
          gup_sewer_entry_bubbles, serial_shops, shop, corexii_corridor_pit,
          nicolae_concentric_dashed_squares_mild, small_statue_intersection
D:5:      layout_basic, lemuel_round_altar, lemuel_round_altar,
          lemuel_doored_altar, temple_fountains, serial_shops, shop,
          nicolae_ossuary_entry_giza, minmay_misc_feat_four_crosses,
          chequers_arboretum, grunt_ministairs_12, nrook_mini_vaults,
          minmay_hollow_rounded_squares
Ossuary:  ossuary_boxes_badplayer

Skill      XL: |  1  2  3  4  5  6  7  8 |
---------------+-------------------------+-----
Fighting       | 2 3 4 5 6 |  6.8
Spellcasting   | 3 4 5 6 |  6.1
Transmutations | 3 4 5 |  5.2
Dodging        | 2 |  2.7
Polearms       | 1 |  1.4
Unarmed Combat | |  2.6

Action                   |  1- 3 |  4- 6 |  7- 9 || total
-------------------------+-------+-------+-------++-------
Melee: Unarmed           |   108 |    69 |       ||   177
       Kick              |    18 |    16 |    27 ||    61
       Headbutt          |    12 |    11 |    20 ||    43
       Punch             |     4 |     1 |     8 ||    13
       Trident           |       |    10 |   262 ||   272
 Cast: Beastly Appendage |    24 |    21 |    33 ||    78
       Wereblood         |     1 |     6 |    12 ||    19
  Use: Scroll            |       |     7 |     4 ||    11
       Potion            |       |     1 |     5 ||     6
 Stab: Sleeping          |       |     1 |     3 ||     4
Armor: Robe              |    25 |    11 |    40 ||    76
       Skin              |       |       |    73 ||    73
Dodge: Dodged            |    54 |    40 |   170 ||   264

Table legend: (Time is in decaauts)
 A = Elapsed time spent in this place.
 B = Non-inter-level travel time spent in this place.
 C = Inter-level travel time spent in this place.
 D = Time resting spent in this place.
 E = Time spent auto-exploring this place.
 F = Levels seen in this place.
 G = Mean time per level.
                   A        B        C        D        E       F      G
               +--------+--------+--------+--------+--------+-----+--------+
         Total |   4971 |   4838 |    133 |    761 |   2278 |   7 |  710.1 |
       Dungeon |   3695 |   3562 |    133 |    299 |   2056 |   5 |  739.0 |
         Sewer |    880 |    880 |      0 |    394 |    159 |   1 |  880.0 |
       Ossuary |    395 |    395 |      0 |     68 |     63 |   1 |  395.0 |
               +--------+--------+--------+--------+--------+-----+--------+

Top non-repeatable levels by time:
     D:2: 936 daAuts
     D:3: 914 daAuts
     D:1: 881 daAuts
   Sewer: 880 daAuts
     D:4: 757 daAuts
 Ossuary: 395 daAuts
     D:5: 204 daAuts
